 Dungeon Crawl Stone Soup version 0.31-a0-881-ge136f0c47a (webtiles) character file.

Game seed: 10714232485397623411

1020 D12ThenQuit the Ruffian (level 8, -4/52 HPs)
             Began as an Octopode Fighter on Oct 16, 2023.
             Was an Initiate of Okawaru.
             Killed by divine providence
             ... invoked by an orc priest
              (11 damage)
             ... on level 7 of the Dungeon.
             The game lasted 00:15:35 (5456 turns).

D12ThenQuit the Ruffian (Octopode Fighter)          Turns: 5456, Time: 00:15:35

Health: -4/52      AC:  1    Str: 15    XL:     8   Next: 22%
Magic:  1/8        EV: 13    Int: 10    God:    Okawaru [......]
Gold:   297        SH:  5    Dex: 14    Spells: 2/7 levels left

rFire   . .          .
                       - Unarmed
rCold   + . .        a - +0 buckler
rNeg    . . .        (helmet restricted)
rPois   .            (no amulet)
rElec   .            q - ring of protection from cold
rCorr   .            (no ring)
SInv    .            (no ring)
Will    .....        (no ring)
Stlth   ++++         (no ring)
HPRegen 0.28/turn    (no ring)
MPRegen 0.11/turn    (no ring)
                     (no ring)

%: no passive effects
@: no status effects
A: almost no armour, amphibious, 8 rings, camouflage 1, gelatinous body 1,
(nimble swimmer 1), tentacles
a: Renounce Religion


You were on level 7 of the Dungeon.
You worshipped Okawaru.
Okawaru was noncommittal.
You visited 2 branches of the dungeon, and saw 8 of its levels.

You collected 381 gold pieces.
You spent 84 gold pieces at shops.

Inventory:

Missiles
 e - 7 poisoned darts (quivered)
 y - 2 silver javelins
Armour
 a - a +0 buckler (worn)
 c - a +0 kite shield
 o - a +0 tower shield
Magical Staves
 i - a staff of fire
Jewellery
 k - an amulet of reflection
 q - a ring of protection from cold (left tentacle)
 s - a ring of flight
Wands
 r - a wand of roots (9)
 v - a wand of light (1)
Scrolls
 g - 2 scrolls of teleportation
 h - a scroll of fog
 m - 2 scrolls of immolation {unknown}
 n - 3 scrolls of vulnerability
 t - 2 scrolls of blinking
 u - 2 scrolls of noise
 w - a scroll of summoning {unknown}
Potions
 b - 2 potions of might
 d - 2 potions of enlightenment
 f - 3 potions of curing
 j - a potion of attraction
 l - 2 potions of lignification {unknown}
 p - a potion of ambrosia
 x - a potion of invisibility {unknown}


   Skills:
 + Level 3.1 Fighting
 + Level 3.0 Dodging
 - Level 4.0 Stealth
 + Level 3.1 Shields
 + Level 7.5 Unarmed Combat
 - Level 3.0 Air Magic
 - Level 4.0 Poison Magic


You had 2 spell levels left.
You knew the following spells:

 Your Spells              Type           Power      Damage    Failure   Level
a - Poisonous Vapours     Pois/Air       14%        N/A       19%         2
b - Mephitic Cloud        Conj/Pois/Air  4%         N/A       52%         3

Your spell library contained the following spells:

 Spells                   Type           Power      Damage    Failure   Level
 Volatile Blastmotes      Fire/Tloc      0%         2d10      83%         3
 Fulminant Prism          Conj/Hex       0%         3d5       99%         4
 Iskenderun's Mystic Bla  Conj/Tloc      0%         2d3       99%         4
 Freezing Cloud           Conj/Ice/Air   1%         6-21      100%        5
 Summon Small Mammal      Summ           Unusable   N/A       N/A         1
 Call Canine Familiar     Summ           Unusable   N/A       N/A         3
 Summon Guardian Golem    Hex/Summ       Unusable   N/A       N/A         3

Dungeon Overview and Level Annotations

Branches:
Dungeon (7/15)             Temple (1/1) D:6

Altars:
Ashenzari
Cheibriados
Dithmenos
Elyvilon
Fedhas
Gozag
Hepliaklqana
Kikubaaqudgha
Makhleb
Nemelex Xobeh
Okawaru
Qazlal
Ru
Sif Muna
Uskayaw
Vehumet
Wu Jian
Xom
Yredelemnul
Zin
The Shining One

Shops:
D:6 ?   D:7 :

Annotations:
D:3 exclusion: scorpion
D:4 exclusion: phantom
D:5 exclusion: ice beast
D:6 Grinder


Innate Abilities, Weirdness & Mutations

You cannot wear most types of armour.
You are amphibious.
You can wear up to eight rings at the same time.
Your skin changes colour to match your surroundings (Stealth+).
Your rubbery body absorbs attacks. (AC +1, EV +1)
((You are camouflaged when in or above water. (Stealth+)))
You have tentacles for arms and can constrict up to eight enemies at once.


Message History

Casting: Poisonous Vapours (safe; 19% risk of failure)
Confirm with . or Enter, or press ? or * to list all spells.
Aiming: Poisonous Vapours (safe; 19% risk of failure)
Press: ? - help, Dir - move target, f - orc priest
Aim: an orc priest, wielding a +0 hand axe and wearing a +0 ring mail Poisonous vapours surround the orc priest!
The orc priest is poisoned.
You constrict the howler monkey.
The howler monkey escapes!
Casting: Poisonous Vapours (safe; 19% risk of failure)
Confirm with . or Enter, or press ? or * to list all spells.
Aiming: Poisonous Vapours (safe; 19% risk of failure)
Press: ? - help, Dir - move target, f/p - orc priest
Aim: an orc priest, wielding a +0 hand axe and wearing a +0 ring mail (lightly wounded, poisoned) Poisonous vapours surround the orc priest!
The orc priest looks even sicker.
The howler monkey misses you. You block the orc priest's attack.
Unknown command.
You barely miss the orc priest. Your grab misses the orc priest.
The orc priest is moderately wounded.
The howler monkey hoots and howls with incredible vigour!
The orc priest barely misses you. The howler monkey misses you.
You closely miss the orc priest. You grab the orc priest.
You squeeze the orc priest.
The orc priest is heavily wounded.
You constrict the orc priest, but do no damage.
The orc priest calls down the wrath of Beogh upon you.
Beogh smites you! The howler monkey hits you.
You tentacle-slap the orc priest. You squeeze the orc priest.
The orc priest is almost dead.
You constrict the orc priest, but do no damage.
The orc priest closely misses you. The howler monkey hits you.
* * * LOW HITPOINT WARNING * * *
You tentacle-slap the orc priest but do no damage.
The orc priest is almost dead.
You constrict the orc priest, but do no damage.
The howler monkey hits you.
* * * LOW HITPOINT WARNING * * *
The orc priest invokes the aid of Beogh against you.
Beogh smites you!
You die...

##### #### #.... .....
##############.###
#....h#######@h............#
.......)o..##o###########..#
#.....####o.)h.........)...#
##... ####.###########.##
#.. #.# #.# #.. #.# #.# h.
#.# #.# . #.# #.#
..###########.##


You could see 2 howler monkeys and an orc priest (poisoned).

Vanquished Creatures
  2 orc warriors (D:6)
  3 sky beasts (D:6)
  A gnoll sergeant (D:5)
  2 scorpions (D:4)
  2 orc priests (D:6)
  A hound (D:6)
  2 iguanas
  An orc wizard (D:7)
  3 gnolls (D:5)
  8 adders
  2 white imps
  A worm (D:5)
  2 dart slugs
  21 orcs
  3 bats
  5 endoplasms
  A giant cockroach (D:4)
  6 goblins
  4 hobgoblins
  6 quokkas
  4 ball pythons
  4 frilled lizards
  16 kobolds
  A rat (D:1)
101 creatures vanquished.

Notes
Turn   | Place    | Note
-------+----------+-------------------------------------------
     0 | D:1      | D12ThenQuit the Octopode Fighter began the quest for the
                  | Orb.
     0 | D:1      | Reached XP level 1. HP: 16/16 MP: 1/1
   161 | D:1      | Reached XP level 2. HP: 20/21 MP: 2/2
   264 | D:1      | Reached skill level 3 in Unarmed Combat
   709 | D:2      | Reached XP level 3. HP: 26/26 MP: 3/3
   766 | D:2      | Learned a level 2 spell: Poisonous Vapours
  1403 | D:3      | Reached skill level 1 in Poison Magic
  1553 | D:3      | Noticed a scorpion
  1617 | D:3      | Reached skill level 1 in Air Magic
  1979 | D:4      | Reached XP level 4. HP: 31/31 MP: 4/4
  2000 | D:4      | Noticed a scorpion
  2006 | D:4      | Killed a scorpion
  2031 | D:4      | Reached XP level 5. HP: 32/36 MP: 5/5
  2081 | D:4      | Found a sacrificial altar of Ru.
  2367 | D:4      | Noticed a phantom
  2413 | D:4      | Found a basalt altar of Yredelemnul.
  2418 | D:4      | Found an ornate altar of the Wu Jian Council.
  2554 | D:4      | Reached XP level 6. HP: 42/42 MP: 1/6
  2695 | D:5      | Entered Level 5 of the Dungeon
  2759 | D:4      | Learned a level 3 spell: Mephitic Cloud
  2803 | D:5      | Noticed an ice beast
  3131 | D:5      | Reached skill level 4 in Unarmed Combat
  3775 | D:6      | Noticed an orc warrior
  3797 | D:6      | Killed an orc warrior
  3798 | D:6      | Reached skill level 5 in Unarmed Combat
  3798 | D:6      | Reached XP level 7. HP: 46/46 MP: 0/7
  3878 | D:6      | Found Xetimolu's Magic Scroll Shoppe.
  3922 | D:6      | Reached skill level 6 in Unarmed Combat
  3991 | D:6      | Bought 3 scrolls of identify for 84 gold pieces
  4040 | D:6      | Reached skill level 1 in Stealth
  4539 | D:6      | Noticed Grinder
  4577 | D:6      | Reached skill level 7 in Unarmed Combat
  4577 | D:6      | Reached XP level 8. HP: 12/52 MP: 2/8
  4966 | D:6      | Found a staircase to the Ecumenical Temple.
  4975 | Temple   | Entered the Ecumenical Temple
  4990 | Temple   | Became a worshipper of Warmaster Okawaru
  5282 | D:7      | Found Eregator's Book Emporium.
  5456 | D:7      | Killed from afar by an orc priest

Illustrated notes

Levels and vault maps discovered:
D:1:      minmay_arrival_split_and_join, layout_rooms, st_stairs_1,
          minmay_crystal_water, nicolae_the_louvre
D:2:      layout_rooms, nicolae_eternal_life
D:3:      layout_rooms, minmay_quadrilaterals
D:4:      layout_basic, lemuel_coloured_pillars_altar,
          grunt_temple_overflow_open
D:5:      layout_cave_pods
D:6:      layout_basic, lemuel_temple_firewalk_a, serial_shops,
          nicolae_shop_tiny_statue_garden, nicolae_twisty_statue_hallways,
          uniq_grinder
D:7:      corexii_shack_village, layout_loops_ring, nicolae_stop_n_shop_2
Temple:   nicolae_temple_bog_church

Skill      XL: |  1  2  3  4  5  6  7 |
---------------+----------------------+-----
Unarmed Combat | 3 5 7 |  7.5
Poison Magic   | 1 2 4 |  4.0
Air Magic      | 1 2 3 |  3.0
Stealth        | 4 |  4.0
Fighting       | |  3.1
Dodging        | |  3.0
Shields        | |  3.1

Action                     |  1- 3 |  4- 6 |  7- 9 || total
---------------------------+-------+-------+-------++-------
  Melee: Unarmed           |    79 |    66 |    54 ||   199
         Constrict         |    19 |    21 |    14 ||    54
         Tentacles         |    18 |    11 |    15 ||    44
         Punch             |       |     3 |     6 ||     9
  Throw: Dart              |     1 |     8 |       ||     9
   Cast: Poisonous Vapours |       |    26 |    30 ||    56
  Evoke: Wand              |       |     1 |     4 ||     5
    Use: Scroll            |     3 |     3 |     3 ||     9
         Potion            |     2 |       |     1 ||     3
   Stab: Sleeping          |     9 |     1 |     1 ||    11
         Distracted        |       |       |     1 ||     1
         Invisible         |       |       |     1 ||     1
 Armour: Skin              |    17 |    24 |    25 ||    66
  Dodge: Dodged            |    31 |    22 |    27 ||    80
  Block: Buckler           |    13 |    15 |     7 ||    35

Table legend: (Time is in decaauts)
 A = Elapsed time spent in this place.
 B = Non-inter-level travel time spent in this place.
 C = Inter-level travel time spent in this place.
 D = Time resting spent in this place.
 E = Time spent auto-exploring this place.
 F = Levels seen in this place.
 G = Mean time per level.
                   A        B        C        D        E       F      G
               +--------+--------+--------+--------+--------+-----+--------+
         Total |   5451 |   5035 |    416 |    755 |   2491 |   8 |  681.4 |
       Dungeon |   5421 |   5019 |    402 |    755 |   2491 |   7 |  774.4 |
        Temple |     30 |     16 |     14 |      0 |      0 |   1 |   30.0 |
               +--------+--------+--------+--------+--------+-----+--------+

Top non-repeatable levels by time:
     D:6: 1424 daAuts
     D:4: 947 daAuts
     D:5: 842 daAuts
     D:3: 721 daAuts
     D:1: 676 daAuts
     D:2: 577 daAuts
     D:7: 231 daAuts
  Temple: 30 daAuts
